 Dungeon Crawl Stone Soup version 0.23.2-33-g5129a83184 (webtiles) character file.

Game seed: 6900805260660504661

1038 t4s4d4r the Insei (level 8, -1/52 HPs)
             Began as an Octopode Transmuter on July 10, 2019.
             Was an Initiate of Gozag.
             Slain by a sky beast (5 damage)
             ... on level 6 of the Dungeon.
             The game lasted 00:13:00 (6800 turns).

t4s4d4r the Insei (Octopode Transmuter)             Turns: 6800, Time: 00:13:01

Health: -1/52      AC:  1    Str: 10    XL:     8   Next: 24%
Magic:  9/11       EV: 13    Int: 17    God:    Gozag
Gold:   464        SH:  0    Dex: 12    Spells: 2/12 levels left

rFire    . . .     SeeInvis .     - Unarmed
rCold    + . .     Gourm    .   (no shield)
rNeg     + . .     Faith    .   (helmet restricted)
rPois    .         Spirit   .   (no amulet)
rElec    .         Reflect  .   y - ring of protection from cold
rCorr    .         Harm     .   l - ring of positive energy
MR       .....                  (no ring)
Stlth    ++++......             (no ring)
HPRegen  0.17/turn              (no ring)
MPRegen  0.12/turn              (no ring)
                                (no ring)
                                (no ring)

@: no status effects
A: almost no armour, stealthy swim, amphibious, 8 rings, constrict 8, camouflage
1, gelatinous body 1
a: Potion Petition, Call Merchant, Bribe Branch, Renounce Religion


You were on level 6 of the Dungeon.
You worshipped Gozag.
Gozag was aware of your devotion.
You were not hungry.

You visited 1 branch of the dungeon, and saw 7 of its levels.

You collected 525 gold pieces.
You paid 61 gold pieces to Gozag.

Inventory:

Missiles
 a - 38 arrows
 e - 144 stones (quivered)
 f - 2 throwing nets
 n - 8 javelins
Jewellery
 l - a ring of positive energy (right tentacle)
 y - a ring of protection from cold (left tentacle)
Wands
 d - a wand of flame (13)
Scrolls
 b - a scroll of amnesia
 h - 3 scrolls of teleportation
 i - a scroll of enchant armour
 k - a scroll of immolation {unknown}
 o - a scroll of random uselessness {unknown}
 r - 2 scrolls of enchant weapon {unknown}
 s - a scroll of magic mapping {unknown}
 u - 2 scrolls of remove curse {unknown}
 v - a scroll of noise {unknown}
 x - a scroll of fog {unknown}
 z - a scroll of blinking {unknown}
Potions
 g - 2 potions of curing
 j - 2 potions of flight
 m - a potion of haste
 p - a potion of ambrosia
 q - 2 potions of invisibility
 t - a potion of heal wounds
 w - a potion of might
 A - a potion of lignification {unknown}
Comestibles
 c - 10 rations


   Skills:
 - Level 3.0 Fighting
 - Level 2.0 Dodging
 - Level 5.8 Stealth
 - Level 7.6 Unarmed Combat
 + Level 2.6 Spellcasting
 + Level 2.7 Transmutations
 - Level 2.0 Poison Magic


You had 2 spell levels left.
You knew the following spells:

 Your Spells              Type           Power        Failure   Level  Hunger
a - Beastly Appendage     Tmut           ##....       6%          1    #......
b - Sticks to Snakes      Tmut           ##......     9%          2    ##.....
c - Spider Form           Tmut/Pois      ##........   21%         3    ###....
d - Ice Form              Ice/Tmut       #.......     71%         4    #####..

Your spell library contained the following spells:

 Spells                   Type           Power        Failure   Level  Hunger
 Magic Dart               Conj           #...         19%         1    #......
 Searing Ray              Conj           #.....       28%         2    ##.....
 Dazzling Spray           Conj/Hex       #.....       50%         3    ###....
 Blade Hands              Tmut           ##........   86%         5    ######.
 Force Lance              Conj/Tloc      #.......     88%         4    #####..
 Fulminant Prism          Conj/Hex       #.........   88%         4    #####..
 Iskenderun's Mystic Bla  Conj           #.......     88%         4    #####..


Dungeon Overview and Level Annotations

Branches:
Dungeon (7/15)             Temple (0/1) D:5

Altars:
Cheibriados
Dithmenos
Fedhas
Gozag
Qazlal
Sif Muna
Vehumet

Annotations:
D:5 2 transporters


Innate Abilities, Weirdness & Mutations

You cannot wear most types of armour.
You are very stealthy in the water. (Stealth+)
You are amphibious.
You can wear up to eight rings at the same time.
You can use your tentacles to constrict eight enemies at once.
Your skin changes colour to match your surroundings (Stealth+).
Your rubbery body absorbs attacks. (AC +1, EV +1)


Message History

Deactivating autopickup; reactivate with Ctrl-A.
You closely miss something. Something closely misses you.
You closely miss something.
Your transformation has ended.
Something hits you. Something shocks you.
* * * LOW HITPOINT WARNING * * *
Your magical contamination has completely faded away.
Evoke which item? (* to show all) (? for menu, Esc to quit)
Aiming: Throw Flame
Press: ? - help, Shift-Dir - straight line, f - you
Okay, then.
Something hits you.
* * * LOW HITPOINT WARNING * * *
Something shocks you.
* * * LOW HITPOINT WARNING * * *
Something hits you.
* * * LOW HITPOINT WARNING * * *
Something shocks you.
You die...
Your body crumbles into a pile of gold.

.....##.......# #.............#
.[...##.......# #.....(.......#
.....##.......# #.............#
.....###.###### #.............#
.....# #.# #.............#
.....###.# #.............#
.........# #............<#
.....############.............#
.........≈......@.......#.#####
.....#####..............#.#
.....# #.############.#.#
.....# #.# #########.#.# .....#
#.# #.........#.# ....§# #.#
#.#########.# .....#####.# #.#
#.# ...........# #.# #.#
#.#.######.# #.# #.#


There were no monsters in sight!

Vanquished Creatures
  Sigmund (D:3)
  An ice beast (D:5)
  2 ogres
  A scorpion (D:5)
  3 crimson imps
  A bullfrog skeleton (D:4)
  2 orc priests (D:6)
  2 orc wizards
  4 worker ants
  A worker ant zombie (D:5)
  5 gnolls
  4 adders
  A shadow imp (D:5)
  An adder skeleton (D:5)
  A worm (D:2)
  2 dart slugs
  6 leopard geckos
  12 orcs
  9 bats
  5 giant cockroaches
  7 goblins
  6 hobgoblins
  3 quokkas
  3 frilled lizards
  A jackal skeleton (D:2)
  7 kobolds
  A quokka skeleton (D:3)
  8 rats
100 creatures vanquished.

Vanquished Creatures (collateral kills)
  A centaur zombie (D:5)
  An adder (D:2)
  A giant cockroach (D:3)
  A hobgoblin (D:3)
4 creatures vanquished.

Grand Total: 104 creatures vanquished

Notes
Turn   | Place    | Note
-------+----------+-------------------------------------------
     0 | D:1      | t4s4d4r the Octopode Transmuter began the quest for the
                  | Orb.
     0 | D:1      | Reached XP level 1. HP: 13/13 MP: 3/3
   476 | D:1      | Reached XP level 2. HP: 18/18 MP: 5/5
   866 | D:1      | Learned a level 2 spell: Sticks to Snakes
   973 | D:1      | Reached skill level 4 in Unarmed Combat
  1090 | D:1      | Reached XP level 3. HP: 12/23 MP: 6/6
  1720 | D:2      | Learned a level 3 spell: Spider Form
  1954 | D:2      | Reached XP level 4. HP: 17/28 MP: 1/7
  2267 | D:3      | Reached skill level 5 in Unarmed Combat
  2553 | D:3      | Noticed Sigmund
  2561 | D:3      | Killed Sigmund
  2561 | D:3      | Reached skill level 5 in Stealth
  2561 | D:3      | Reached XP level 5. HP: 20/33 MP: 6/8
  2561 | D:3      | Reached XP level 6. HP: 23/38 MP: 6/9
  4021 | D:4      | Found an opulent altar of Gozag.
  4121 | D:4      | Reached skill level 6 in Unarmed Combat
  4121 | D:4      | Reached XP level 7. HP: 37/45 MP: 7/10
  4203 | D:4      | Became a worshipper of Gozag Ym Sagoz the Greedy
  4528 | D:5      | Entered Level 5 of the Dungeon
  4530 | D:5      | Found a deep blue altar of Sif Muna.
  4549 | D:5      | Found a transporter.
  4766 | D:5      | Found a staircase to the Ecumenical Temple.
  5040 | D:5      | Found a transporter.
  5112 | D:5      | Reached skill level 7 in Unarmed Combat
  5346 | D:5      | Found a blossoming altar of Fedhas.
  5348 | D:5      | Found a snail-covered altar of Cheibriados.
  5357 | D:5      | Found a stormy altar of Qazlal.
  5477 | D:5      | Found a radiant altar of Vehumet.
  5478 | D:5      | Found a shadowy altar of Dithmenos.
  6010 | D:6      | Reached XP level 8. HP: 50/52 MP: 9/11
  6248 | D:6      | Reached skill level 1 in Poison Magic
  6738 | D:6      | Learned a level 4 spell: Ice Form
  6800 | D:6      | Slain by a sky beast

Skill      XL: |  1  2  3  4  5  6  7  8 |
---------------+-------------------------+-----
Unarmed Combat | 4 5 6 7 |  7.6
Stealth        | 5 |  5.8
Fighting       | 2 3 |  3.0
Poison Magic   | 2 |  2.0
Dodging        | |  2.0
Spellcasting   | |  2.6
Transmutations | |  2.7

Action                   |  1- 3 |  4- 6 |  7- 9 || total
-------------------------+-------+-------+-------++-------
Melee: Unarmed           |    81 |    78 |   122 ||   281
       Constrict         |    21 |    20 |    25 ||    66
       Tentacles         |    16 |    13 |    20 ||    49
       Kick              |     2 |    11 |    12 ||    25
       Punch             |     1 |     2 |     6 ||     9
Throw: Stone             |       |       |     1 ||     1
 Cast: Beastly Appendage |     4 |     8 |    12 ||    24
       Sticks to Snakes  |     4 |     8 |     3 ||    15
       Spider Form       |       |     1 |     4 ||     5
  Use: Scroll            |       |       |    10 ||    10
 Stab: Sleeping          |     6 |     5 |     4 ||    15
       Distracted        |     1 |       |     1 ||     2
  Eat: Chunk             |     3 |     7 |     1 ||    11
       Ration            |       |       |     3 ||     3
Armor: Skin              |    13 |     3 |     8 ||    24
Dodge: Dodged            |    57 |    53 |    64 ||   174
